 Dungeon Sprint DCSS version 0.24.0-28-g17ded55e90 (webtiles) character file.

Game seed: 16618780860747206142, levelgen mode: deterministic

2071 Nattfarinn the Unseen (level 9, 0/65 HPs)
             Began as a Vampire Assassin on Nov 12, 2019.
             Slain by a neqoxec (2 damage)
             ... summoned by a kobold demonologist
             ... in the Dungeon (Sprint I: "Red Sonja").
             The game lasted 00:06:02 (565 turns).

Nattfarinn the Unseen (Vampire Assassin)             Turns: 565, Time: 00:06:03

Health: 0/65       AC:  8    Str: 13    XL:     9   Next: 5%
Magic:  9/9        EV: 12    Int: 13    God:
Gold:   224        SH:  0    Dex: 19    Spells: 8/8 levels left

rFire    . . .     SeeInvis +   a - +2 dagger
rCold    + + .     Gourm    .   (no shield)
rNeg     + + +     Faith    .   q - +1 robe {MR+}
rPois    ∞         Spirit   .   (no helmet)
rElec    .         Reflect  .   m - +0 cloak {MR+}
rCorr    .         Harm     .   n - +2 pair of gloves {Str+3}
MR       ++...     NoTele   +   l - +0 pair of boots
Stlth    +++++++++.             (no amulet)
HPRegen  0.00/turn              (no ring)
MPRegen  0.11/turn              (no ring)

@: bloodless, regenerating quickly
A: no food, fangs 3, see invisible, unbreathing
a: Bat Form, Revivify


You were in the Dungeon.
You were bloodless.

You visited 1 branch You collected 825 gold pieces.
You spent 601 gold pieces at shops.

Inventory:

Hand Weapons
 a - a +2 dagger (weapon)
Missiles
 d - 19 poisoned darts (quivered)
 e - 10 curare-tipped darts
Armour
 b - a +0 robe
 c - a +0 cloak
 l - a +0 pair of boots (worn)
 m - a +0 cloak of magic resistance (worn)
 n - a +2 pair of gloves of strength (worn)
 q - a +1 robe of magic resistance (worn)
Wands
 p - a wand of flame (19)
Scrolls
 k - 2 scrolls of blinking
 o - 3 scrolls of amnesia {unknown}
Potions
 f - 5 potions of curing
 g - a potion of heal wounds
 h - a potion of haste
 i - 2 potions of magic
 j - a potion of berserk rage


   Skills:
 - Level 12.1 Fighting
 + Level 6.9 Short Blades
 - Level 1.5 Throwing
 - Level 1.1 Dodging
 - Level 20.6 Stealth


You had 8 spell levels left.
You didn't know any spells.
Your spell library was empty.

Dungeon Overview and Level Annotations

Branches:
Dungeon (1/1)

Altars:
Cheibriados
Dithmenos
Elyvilon
Fedhas
Gozag
Hepliaklqana
Kikubaaqudgha
Makhleb
Nemelex Xobeh
Okawaru
Qazlal
Ru
Sif Muna
Trog
Uskayaw
Vehumet
Wu Jian
Xom
Yredelemnul
Zin
The Shining One
Jiyva
Lugonu

Shops:
D *[[


Innate Abilities, Weirdness & Mutations

You do not eat.
You do not regenerate when monsters are visible.
You are frail without blood (-20% HP).
You can heal yourself when you bite living creatures.
You are immune to poison.
You have razor-sharp teeth.
You have supernaturally acute eyesight. (SInv)
You can survive without breathing.


Message History

The kobold demonologist is severely wounded.
The chaos spawn gores you!
* * * LOW HITPOINT WARNING * * *
You are engulfed in flames!
* * * LOW HITPOINT WARNING * * *
The kobold demonologist mumbles some strange words.
The hellwing hits you but does no damage.
The hellwing barely misses you.
That item cannot be evoked!
Evoke which item? (* to show all) (? for menu, Esc to quit)
Aiming: Throw Flame
Press: ? - help, Shift-Dir - straight line, f - kobold demonologist
Aim: a kobold demonologist, wielding a +0 dagger and wearing a +0 robe (severely wounded)
The puff of flame hits the kobold demonologist.
The kobold demonologist is severely wounded.
The shadow imp misses you. The shadow imp hits you.
* * * LOW HITPOINT WARNING * * *
The kobold demonologist hits you but does no damage.
The chaos spawn misses you. The neqoxec hits you.
You die...

####################
'..#.)'..#__#..43K.#
#.)'..#..'..'..#@45#
##'#####'#__####55.+
#..#...#.####§ #####
####..##(#§§≈§
___##'#_.+≈§
∩..÷'..._#§§§§
.__##_.#'##+###
___###'#.#..([###
######.####'###.##


You could see a hellwing, a kobold demonologist, a neqoxec, a chaos spawn, 2
shadow imps and an ufetubus.

Vanquished Creatures
  Sonja (D)
  A deep troll (D)
  A kobold demonologist (D)
  A slime creature (D)
  A yak (D)
  Sigmund (D)
  A floating eye (D)
  An ogre (D)
  A jelly (D)
  Ijyb (D)
  A ballistomycete spore (D)
11 creatures vanquished.

Vanquished Creatures (others)
  A gargoyle (D)
  A ballistomycete spore (D)
2 creatures vanquished.

Grand Total: 13 creatures vanquished

Notes
Turn   | Place    | Note
-------+----------+-------------------------------------------
     0 | D        | Nattfarinn the Vampire Assassin began the quest for the
                  | Orb.
     0 | D        | Reached XP level 1. HP: 16/16 MP: 1/1
     1 | D        | Noticed Ijyb
    32 | D        | Killed Ijyb
    32 | D        | Reached skill level 10 in Stealth
    32 | D        | Reached XP level 2. HP: 15/22 MP: 2/2
    57 | D        | Noticed an ogre
    60 | D        | Killed an ogre
    60 | D        | Reached skill level 14 in Stealth
    60 | D        | Reached XP level 3. HP: 27/27 MP: 3/3
    60 | D        | Reached XP level 4. HP: 33/33 MP: 4/4
    62 | D        | Noticed Sigmund
    65 | D        | Killed Sigmund
    65 | D        | Reached skill level 18 in Stealth
    65 | D        | Reached XP level 5. HP: 38/38 MP: 5/5
   201 | D        | Found a burning altar of Makhleb.
   201 | D        | Found a viscous altar of Jiyva.
   201 | D        | Found a shimmering altar of Xom.
   201 | D        | Found a corrupted altar of Lugonu.
   201 | D        | Noticed a slime creature
   204 | D        | Killed a slime creature
   204 | D        | Reached skill level 20 in Stealth
   204 | D        | Reached XP level 6. HP: 44/44 MP: 6/6
   207 | D        | Found an ornate altar of the Wu Jian Council.
   207 | D        | Found a shimmering blue altar of Sif Muna.
   209 | D        | Found a radiant altar of Vehumet.
   256 | D        | Found Nokka's Armour Emporium.
   256 | D        | Found an ancient bone altar of Kikubaaqudgha.
   256 | D        | Found a hazy altar of Hepliaklqana.
   256 | D        | Found a stormy altar of Qazlal.
   256 | D        | Found a hide-covered altar of Uskayaw.
   256 | D        | Found a blossoming altar of Fedhas.
   256 | D        | Found a bloodstained altar of Trog.
   256 | D        | Found an iron altar of Okawaru.
   256 | D        | Found a basalt altar of Yredelemnul.
   256 | D        | Found a glowing golden altar of the Shining One.
   256 | D        | Found a snail-covered altar of Cheibriados.
   256 | D        | Found a sacrificial altar of Ru.
   256 | D        | Found a glowing silver altar of Zin.
   256 | D        | Found a shadowy altar of Dithmenos.
   256 | D        | Found a white marble altar of Elyvilon.
   256 | D        | Noticed a yak
   257 | D        | Found an opulent altar of Gozag.
   258 | D        | Killed a yak
   258 | D        | Reached skill level 5 in Fighting
   258 | D        | Reached XP level 7. HP: 44/44 MP: 7/7
   259 | D        | Found a sparkling altar of Nemelex Xobeh.
   269 | D        | Bought a +0 cloak of magic resistance for 161 gold pieces
   284 | D        | Noticed Sonja
   288 | D        | Killed Sonja
   288 | D        | Reached skill level 10 in Fighting
   288 | D        | Reached XP level 8. HP: 57/57 MP: 8/8
   328 | D        | Found Noanumac's General Store.
   336 | D        | Noticed a deep troll
   340 | D        | Killed a deep troll
   361 | D        | Killed a gargoyle
   367 | D        | Bought a +2 pair of gloves of strength for 301 gold pieces
   412 | D        | Found Hockel's Armour Emporium.
   478 | D        | Bought a +1 robe of magic resistance for 139 gold pieces
   527 | D        | Noticed a kobold demonologist
   528 | D        | Noticed a kobold demonologist
   530 | D        | Killed a kobold demonologist
   530 | D        | Reached XP level 9. HP: 65/65 MP: 9/9
   553 | D        | Noticed a hellwing
   565 | D        | HP: 2/65 [shadow imp[a kobold demonologist] (2)]
   565 | D        | Slain by a neqoxec

Levels and vault maps discovered:
D:        dungeon_sprint_1 [red_sonja_temple_1, red_sonja_temple_small_1]

Skill      XL: |  1  2  3  4  5  6  7  8 |
---------------+-------------------------+-----
Stealth        | 10 14 18 20 | 20.6
Fighting       | 5 10 12 | 12.1
Short Blades   | 6 |  6.9
Throwing       | |  1.5
Dodging        | |  1.1

Action                   |  1- 3 |  4- 6 |  7- 9 || total
-------------------------+-------+-------+-------++-------
Melee: Dagger            |    30 |     4 |    38 ||    72
       Bite              |     1 |       |     5 ||     6
 Abil: Exsanguinate      |       |     1 |       ||     1
Evoke: Wand              |       |       |     1 ||     1
 Stab: Sleeping          |     1 |     4 |     5 ||    10
Armor: Skin              |    10 |       |       ||    10
       Robe              |     1 |       |     8 ||     9
Dodge: Dodged            |     3 |       |    20 ||    23
